 Dungeon Crawl Stone Soup version 0.28-a0-769-g550dbda0cd (webtiles) character file.

Game seed: 13350679195191333332

506 bjtr the Conjurer (level 6, -21/43 HPs)
             Began as a Demonspawn Conjurer on Oct 31, 2021.
             Blown up by Ijyb (33 damage)
             ... with a mindburst bolt
             ... on level 5 of the Dungeon.
             The game lasted 00:16:31 (4313 turns).

bjtr the Conjurer (Demonspawn Conjurer)             Turns: 4313, Time: 00:16:32

Health: -21/43     AC:  5    Str:  8    XL:     6   Next: 97%
Magic:  8/11       EV: 10    Int: 30    God:
Gold:   205        SH:  0    Dex: 17    Spells: 8/11 levels left

rFire   . . .      SeeInvis .   h - +11 quick blade of the Howling Ancients {vorpal, rC+ rCorr Int+5}
rCold   + . .      Faith    .   (no shield)
rNeg    . . .      Spirit   .   d - +0 ring mail
rPois   .          Reflect  .   (no helmet)
rElec   .          Harm     .   (no cloak)
rCorr   +          Rampage  .   (no gloves)
Will    .....                   (no boots)
Stlth   +.........              (no amulet)
HPRegen 0.14/turn               c - +6 ring of dexterity
MPRegen 0.12/turn               (no ring)

@: no status effects
A: claws 2, big brain 2
a: no special abilities


You were on level 5 of the Dungeon.
You visited 1 branch of the dungeon, and saw 5 of its levels.

You collected 205 gold pieces.

Inventory:

Hand Weapons
 b - a +0 hand axe
 e - a +1 war axe
 h - the +11 quick blade of the Howling Ancients (weapon) {vorpal, rC+ rCorr Int+5}
   (You acquired it on level 1 of the Dungeon)

   It inflicts extra damage upon your enemies.
   Int:       It affects your intelligence (+5).
   rC:        It protects you from cold.
   rCorr:     It protects you from acid and corrosion.
 m - a +0 scythe
 s - the +3 rapier "Grom" {flame, Stlth+}
   (You found it on level 4 of the Dungeon)

   It burns those it strikes, dealing additional fire damage.
   Stlth:     It makes you more stealthy.
 u - a +2 whip of draining
Missiles
 f - 33 poisoned darts
 i - 4 javelins
 k - 34 sling bullets
 q - 20 bolts
 v - 2 boomerangs
Armour
 a - a +0 robe
 d - a +0 ring mail (worn)
 o - a +0 leather armour
Jewellery
 c - a +6 ring of dexterity (left claw)
Wands
 n - a wand of flame (11)
Scrolls
 p - a scroll of identify
 t - a scroll of teleportation {unknown}
Potions
 g - 3 potions of brilliance
 j - a potion of magic {unknown}
 l - a potion of mutation {unknown}
 r - a potion of curing {unknown}


   Skills:
 * Level 1.1 Fighting
 * Level 1.1 Short Blades
 * Level 2.0 Armour
 + Level 2.0 Dodging
 - Level 1.7 Stealth
 * Level 2.0 Shields
 * Level 3.4 Spellcasting
 * Level 6.3 Conjurations


You had 8 spell levels left.
You knew the following spells:

 Your Spells              Type           Power      Damage    Failure   Level
a - Magic Dart            Conj           100%       1d8       1%          1
b - Searing Ray           Conj           86%        2d7       2%          2

Your spell library contained the following spells:

 Spells                   Type           Power      Damage    Failure   Level
 Dazzling Flash           Conj/Hex       48%        N/A       17%         3
 Fulminant Prism          Conj/Hex       12%        3d9       50%         4
 Iskenderun's Mystic Bla  Conj/Tloc      24%        2d7       50%         4


Dungeon Overview and Level Annotations

Branches:
Dungeon (5/15)
 Temple: D:4-7

Altars:
Fedhas
Qazlal
Ru
Zin
The Shining One

Annotations:
D:5 Ijyb


Innate Abilities, Weirdness & Mutations

You have very sharp fingernails.
You have an extremely huge brain. (Int +4)


Message History

Found a blossoming altar of Fedhas.
There is a stone staircase leading down here.
Magic restored.
Done exploring.
Done exploring.
There is a stone staircase leading down here.
You climb downwards.
There is a stone staircase leading up here.
You see here a +0 long sword.
You now have 205 gold pieces (gained 10).
You see here a +0 long sword.
There is a stone staircase leading up here.
Done exploring.
Done exploring.
There is an open door here.
There is a stone staircase leading down here.
You climb downwards.
Ijyb shouts!
Found 2 grey potions and 5 javelins.
There is a stone staircase leading up here.
Casting: Searing Ray (safe; 2% risk of failure)
Confirm with . or Enter, or press ? or * to list all spells.
Aiming: Searing Ray (safe; 2% risk of failure)
Press: ? - help, Shift-Dir - straight line, f - Ijyb
Aim: Ijyb, wielding a +0 spectral club, wearing a +0 leather armour and carrying a wand of mindburst (7) (77% to hit)
The searing ray hits Ijyb.
Ijyb is moderately wounded. (Press . to maintain the ray.)
The searing ray hits Ijyb!
Ijyb is heavily wounded.
Ijyb zaps a wand.
Your mind is blasted!
Ouch! That really hurt!
Unknown command.
Found 11 gold pieces.
Ijyb hits you with a +0 spectral club.
* * * LOW HITPOINT WARNING * * *
You puncture Ijyb!
Ijyb is almost dead.
Ijyb zaps a wand.
Your mind is blasted!
Ouch! That really hurt!
You die...

. . ... ### ..
.... ###.## ...
.....#....#
...#
.......<.##...#
.............#
........@...##
........g..##
...........#
.(..!......#
.........#..
##...#...##..
######..# ###
$..#


You could see Ijyb.

Vanquished Creatures
  Sigmund (D:2)
  A sky beast (D:3)
  A hound (D:4)
  2 orc priests (D:3)
  An iguana (D:4)
  3 adders
  4 gnolls (D:4)
  An ufetubus (D:4)
  An adder skeleton (D:4)
  3 worms
  2 dart slugs
  6 orcs
  4 endoplasms
  3 giant cockroaches
  4 goblins
  5 hobgoblins
  2 quokkas
  3 ball pythons
  2 bats (D:1)
  A jackal skeleton (D:4)
  5 kobolds
  6 rats
61 creatures vanquished.

Vanquished Creatures (others)
  An orc (D:3)
1 creature vanquished.

Grand Total: 62 creatures vanquished

Notes
Turn   | Place    | Note
-------+----------+-------------------------------------------
     0 | D:1      | bjtr the Demonspawn Conjurer began the quest for the Orb.
     0 | D:1      | Reached XP level 1. HP: 13/13 MP: 3/3
   321 | D:1      | Found a faded altar of an unknown god.
   428 | D:1      | Gained mutation: You have an unusually large brain. (Int
                  | +2) [demonic ancestry]
   428 | D:1      | Reached XP level 2. HP: 19/19 MP: 1/5
   471 | D:1      | Upgraded the game from 0.28-a0-751-gef3a642a4e to
                  | 0.28-a0-769-g550dbda0cd
   485 | D:1      | Learned a level 2 spell: Searing Ray
   616 | D:1      | Identified a scroll of acquirement
   616 | D:1      | Acquired the +11 quick blade of the Howling Ancients
                  | {vorpal, rC+ rCorr Int+5}
  1190 | D:2      | Noticed Sigmund
  1312 | D:2      | Gained mutation: You have sharp fingernails. [demonic
                  | ancestry]
  1312 | D:2      | Reached XP level 3. HP: 24/24 MP: 0/6
  1590 | D:2      | Reached skill level 5 in Conjurations
  2192 | D:2      | Killed Sigmund
  2193 | D:2      | Reached skill level 1 in Armour
  2193 | D:2      | Reached skill level 1 in Shields
  2193 | D:2      | Gained mutation: You have very sharp fingernails. [demonic
                  | ancestry]
  2193 | D:2      | Reached XP level 4. HP: 31/31 MP: 7/7
  2193 | D:2      | Reached XP level 5. HP: 36/36 MP: 8/8
  2340 | D:3      | Reached skill level 6 in Conjurations
  2585 | D:3      | Gained mutation: You have an extremely huge brain. (Int +4)
                  | [demonic ancestry]
  2585 | D:3      | Reached XP level 6. HP: 42/42 MP: 6/10
  2667 | D:3      | Noticed a sky beast
  2680 | D:3      | Killed a sky beast
  2681 | D:3      | Reached skill level 1 in Fighting
  2681 | D:3      | Reached skill level 1 in Short Blades
  2793 | D:3      | Found a stormy altar of Qazlal.
  3221 | D:3      | Found a sacrificial altar of Ru.
  3732 | D:4      | Identified the +3 rapier "Grom" {flame, Stlth+}
  4216 | D:3      | Found a blossoming altar of Fedhas.
  4308 | D:5      | Entered Level 5 of the Dungeon
  4308 | D:5      | Noticed Ijyb
  4313 | D:5      | Blown up by Ijyb

Illustrated notes

Levels and vault maps discovered:
D:1:      minmay_arrival_glassed_features, layout_loops_corners,
          hellmonk_ecumenical_altar_lost_god
D:2:      layout_basic, serial_bayou_pond_d, uniq_sigmund
D:3:      layout_basic, grunt_qazlal_clouds, nicolae_overflow_hidden_temple,
          kennysheep_small_spiral, skrybe_limestone_x
D:4:      layout_gridville
D:5:      layout_cave_pools, minmay_temple_entry_statues_fountains,
          nrook_mini_backslash, uniq_ijyb, uniq_edmund

Skill      XL: |  1  2  3  4  5  6 |
---------------+-------------------+-----
Conjurations   | 5 6 |  6.3
Armour         | 1 2 |  2.0
Shields        | 1 2 |  2.0
Fighting       | 1 |  1.1
Short Blades   | 1 |  1.1
Dodging        | 2 |  2.0
Spellcasting   | 3 |  3.4
Stealth        | |  1.7

Action                   |  1- 3 |  4- 6 || total
-------------------------+-------+-------++-------
Melee: Quick blade       |    28 |    46 ||    74
       War axe           |     1 |       ||     1
 Cast: Magic Dart        |    20 |     3 ||    23
       Searing Ray       |     5 |    15 ||    20
  Use: Scroll            |     4 |     2 ||     6
 Stab: Sleeping          |     1 |       ||     1
Armor: Robe              |     2 |       ||     2
       Ring mail         |     3 |    16 ||    19
Dodge: Dodged            |     9 |    24 ||    33

Table legend: (Time is in decaauts)
 A = Elapsed time spent in this place.
 B = Non-inter-level travel time spent in this place.
 C = Inter-level travel time spent in this place.
 D = Time resting spent in this place.
 E = Time spent auto-exploring this place.
 F = Levels seen in this place.
 G = Mean time per level.
                   A        B        C        D        E       F      G
               +--------+--------+--------+--------+--------+-----+--------+
         Total |   4291 |   4036 |    255 |    955 |   2436 |   5 |  858.2 |
       Dungeon |   4291 |   4036 |    255 |    955 |   2436 |   5 |  858.2 |
               +--------+--------+--------+--------+--------+-----+--------+

Top non-repeatable levels by time:
     D:3: 1205 daAuts
     D:1: 1200 daAuts
     D:2: 1123 daAuts
     D:4: 757 daAuts
     D:5: 4 daAuts
